 Dungeon Crawl Stone Soup version 0.23.0 (webtiles) character file.

Game seed: 2256897858869832254

712 Laan the Chopper (level 7, -9/44 HPs)
             Began as a Gargoyle Gladiator on Feb 15, 2019.
             Mangled by an orc warrior
             ... wielding a +0 trident
              (10 damage)
             ... on level 5 of the Dungeon.
             The game lasted 00:06:31 (3326 turns).

Laan the Chopper (Gargoyle Gladiator)               Turns: 3326, Time: 00:06:32

Health: -9/44      AC: 14    Str: 20    XL:     7   Next: 68%
Magic:  7/7        EV: 11    Int:  8    God:
Gold:   93         SH:  0    Dex: 11    Spells: 6/6 levels left

rFire    . . .     SeeInvis .   a - +0 war axe
rCold    . . .     Gourm    .   (no shield)
rNeg     + . .     Faith    .   i - +0 ring mail
rPois    ∞         Spirit   .   c - +1 helmet
rElec    +         Reflect  .   p - scarf {repulsion}
rCorr    .         Harm     .   (no gloves)
MR       .....                  k - +0 pair of boots
Stlth    +.........             (no amulet)
HPRegen  0.14/turn              q - ring of wizardry
MPRegen  0.10/turn              (no ring)

@: repel missiles
A: negative energy resistance 1, electricity resistance, unbreathing,
petrification resistance, rot immunity, AC +4
a: no special abilities


You were on level 5 of the Dungeon.
You were not hungry.

You visited 2 branches of the dungeon, and saw 6 of its levels.

You collected 191 gold pieces.
You spent 98 gold pieces at shops.

Inventory:

Hand Weapons
 a - a +0 war axe (weapon)
Missiles
 t - 5 steel tomahawks (quivered)
Armour
 c - a +1 helmet (worn)
 i - a +0 ring mail (worn)
 k - a +0 pair of boots (worn)
 p - a scarf of repulsion (worn)
Jewellery
 q - a ring of wizardry (left hand)
 u - an uncursed ring of positive energy {unknown}
 v - a cursed amulet of inaccuracy {unknown}
Scrolls
 g - a scroll of magic mapping {unknown}
 h - a scroll of teleportation
 j - 3 scrolls of noise
 s - 3 scrolls of identify
Potions
 b - 2 potions of lignification
 e - 2 potions of flight
 l - 3 potions of curing {unknown}
 m - a potion of haste {unknown}
 n - 2 potions of heal wounds
 o - 2 potions of mutation {unknown}
 r - a potion of cancellation {unknown}
 w - 2 potions of degeneration
Comestibles
 f - 11 rations


   Skills:
 + Level 4.9 Fighting
 * Level 5.9 Axes
 - Level 1.7 Throwing
 + Level 4.2 Armour
 - Level 2.4 Dodging


You had 6 spell levels left.
You didn't know any spells.
Your spell library was empty.

Dungeon Overview and Level Annotations

Branches:
Dungeon (5/15)             Temple (1/1) D:4

Altars:
Ashenzari
Cheibriados
Elyvilon
Fedhas
Kikubaaqudgha
Nemelex Xobeh
Ru
Sif Muna
Trog
Uskayaw
Vehumet
Wu Jian
Yredelemnul
The Shining One

Shops:
D:4 !


Innate Abilities, Weirdness & Mutations

You are resistant to torment.
Your stone body is resilient. (AC +4)
You are immune to poison.
You resist negative energy. (rN+)
You are resistant to electric shocks. (rElec)
You can survive without breathing.
You are immune to petrification.
You are immune to rotting.


Message History

The orc warrior hits you from afar with a +0 trident!
There is a stone staircase leading up here.
You are too injured to fight recklessly!
An orc comes into view.
The orc shouts!
The orc wizard casts a spell at you. The puff of frost misses you.
The orc warrior hits you with a +0 trident!
* * * LOW HITPOINT WARNING * * *
The orc hits you with a +0 dagger.
* * * LOW HITPOINT WARNING * * *
You closely miss the orc warrior. You slash the orc!
You kill the orc!
The orc warrior misses you.
The orc wizard gestures wildly while chanting.
The orc wizard seems to speed up.
The orc warrior misses you.
There is a stone staircase leading up here.
The orc warrior hits you from afar with a +0 trident!
You die...

#.....#
.####.....#
.......÷.$##
#....# .
#.o..##.# .
##o÷...<.#
...####.o...####
........)...#..
.......@......#
...........(..#
............#(#
............#.#
#..............
#.........%.....
#..!......#....
#...........#..


You could see an orc warrior, an orc wizard and an orc.

Vanquished Creatures
  Sigmund (D:2)
  An ogre (D:5)
  A scorpion (D:4)
  2 crimson imps (D:4)
  A hound (D:4)
  A bullfrog skeleton (D:4)
  A centaur skeleton (D:5)
  An orc wizard (D:4)
  An iguana (D:5)
  Jessica (D:2)
  A worker ant zombie (D:5)
  4 gnolls (D:4)
  2 adders
  2 oozes
  An adder skeleton (D:4)
  2 worms
  3 dart slugs
  3 leopard geckos
  9 orcs
  3 bats
  5 giant cockroaches
  6 hobgoblins
  7 jackals
  8 kobolds
  3 quokkas (D:2)
  A ball python (D:1)
  6 frilled lizards
  7 goblins
  7 rats
91 creatures vanquished.

Notes
Turn   | Place    | Note
-------+----------+-------------------------------------------
     0 | D:1      | Laan the Gargoyle Gladiator began the quest for the Orb.
     0 | D:1      | Reached XP level 1. HP: 12/12 MP: 1/1
   184 | D:1      | Reached XP level 2. HP: 18/18 MP: 2/2
   186 | D:1      | Reached skill level 3 in Axes
   369 | D:1      | Reached skill level 1 in Armour
   452 | D:2      | Noticed Sigmund
   522 | D:2      | Reached XP level 3. HP: 21/22 MP: 3/3
   839 | D:2      | Noticed Jessica
   853 | D:2      | Killed Jessica
   853 | D:2      | Reached XP level 4. HP: 19/27 MP: 4/4
   954 | D:2      | Found a deep blue altar of Sif Muna.
   957 | D:2      | Found a radiant altar of Vehumet.
  1243 | D:2      | Killed Sigmund
  1243 | D:2      | Reached skill level 4 in Axes
  1243 | D:2      | Reached XP level 5. HP: 20/33 MP: 5/5
  1243 | D:2      | Reached XP level 6. HP: 23/38 MP: 6/6
  2230 | D:4      | Found a staircase to the Ecumenical Temple.
  2235 | Temple   | Entered the Ecumenical Temple
  2379 | D:4      | Found Rehio's Distillery.
  2385 | D:4      | Bought 2 potions of degeneration for 28 gold pieces
  2385 | D:4      | Bought a potion of heal wounds for 70 gold pieces
  2410 | D:4      | Reached skill level 5 in Axes
  2732 | D:4      | Reached XP level 7. HP: 42/44 MP: 7/7
  3063 | D:5      | Entered Level 5 of the Dungeon
  3323 | D:5      | HP: 1/44 [orc/+0 dagger (3)]
  3326 | D:5      | Mangled by an orc warrior

Skill      XL: |  1  2  3  4  5  6  7 |
---------------+----------------------+-----
Axes           | 3 4 5 |  5.9
Armour         | 1 2 3 4 |  4.2
Fighting       | 3 4 |  4.9
Throwing       | |  1.7
Dodging        | |  2.4

Action                   |  1- 3 |  4- 6 |  7- 9 || total
-------------------------+-------+-------+-------++-------
Melee: War axe           |    72 |   163 |    55 ||   290
Throw: Throwing net      |       |       |     3 ||     3
  Use: Scroll            |     6 |       |       ||     6
  Eat: Chunk             |       |     5 |     3 ||     8
Armor: Ring mail         |    40 |    88 |    41 ||   169
       Leather armour    |     2 |       |       ||     2
Dodge: Dodged            |    51 |   119 |    39 ||   209
       Deflected         |       |     1 |       ||     1
